 Dungeon Crawl Stone Soup version 0.25-a0-294-gea9b1ad378 (webtiles) character file.

Game seed: 2846533287823588944, levelgen mode: classic

264 Borgoz the Skirmisher (level 6, -2/39 HPs)
             Began as a Gargoyle Fighter on Dec 18, 2019.
             Slain by a gnoll (5 damage)
             ... on level 3 of the Dungeon.
             The game lasted 00:07:13 (3268 turns).

Borgoz the Skirmisher (Gargoyle Fighter)            Turns: 3268, Time: 00:07:13

Health: -2/39      AC: 11    Str: 24    XL:     6   Next: 19%
Magic:  6/6        EV: 10    Int: 13    God:
Gold:   113        SH:  0    Dex: 11    Spells: 5/5 levels left

rFire    . . .     SeeInvis .   a - +0 flail
rCold    . . .     Gourm    .   (no shield)
rNeg     + . .     Faith    .   b - +0 scale mail
rPois    ∞         Spirit   .   (no helmet)
rElec    +         Reflect  .   (no cloak)
rCorr    .         Harm     .   (no gloves)
MR       .....                  (no boots)
Stlth    ..........             (no amulet)
HPRegen  0.13/turn              i - +4 ring of strength
MPRegen  0.10/turn              v - +5 ring of intelligence

@: very slightly contaminated, invisible
A: negative energy resistance 1, electricity resistance, unbreathing,
petrification resistance, rot immunity, AC +4
a: no special abilities


You were on level 3 of the Dungeon.
You were not hungry.

You visited 1 branch of the dungeon, and saw 4 of its levels.

You collected 113 gold pieces.

Inventory:

Hand Weapons
 a - a +0 flail (weapon)
Armour
 b - a +0 scale mail (worn)
Jewellery
 i - a +4 ring of strength (left hand)
 v - a +5 ring of intelligence (right hand)
Scrolls
 c - 3 scrolls of remove curse {unknown}
 g - 3 scrolls of identify {unknown}
 j - a scroll of magic mapping {unknown}
 k - a scroll of amnesia {unknown}
 o - a scroll of fear {unknown}
 q - 4 scrolls of teleportation {unknown}
 r - a scroll of immolation {unknown}
 s - 2 scrolls of enchant weapon {unknown}
Potions
 d - a potion of might
 h - a potion of resistance {unknown}
 l - a potion of flight {unknown}
 m - a potion of heal wounds {unknown}
 n - a potion of curing {unknown}
 p - a potion of agility
 t - a potion of degeneration {unknown}
 u - 2 potions of lignification {unknown}
Comestibles
 f - 6 rations
 w - a chunk of flesh


   Skills:
 + Level 4.4 Fighting
 * Level 4.2 Maces & Flails
 + Level 4.4 Armour
 + Level 1.8 Dodging
   Level 3.2 Shields


You had 5 spell levels left.
You didn't know any spells.
Your spell library was empty.

Dungeon Overview and Level Annotations

Branches:
Dungeon (4/15)
 Temple: D:4-7

Altars:
Okawaru
Sif Muna


Innate Abilities, Weirdness & Mutations

You are resistant to torment.
Your stone body is resilient. (AC +4)
You are immune to poison.
You resist negative energy. (rN+)
You are resistant to electric shocks. (rElec)
You can survive without breathing.
You are immune to petrification.
You are immune to rotting.


Message History

The gnoll hits you.
* * * LOW HITPOINT WARNING * * *
You closely miss the gnoll.
The gnoll is almost dead.
The gnoll closely misses you.
It was a potion of invisibility.
You fade into invisibility!
The gnoll barely misses you.
You are very lightly contaminated with residual magic.
Okay, then.
You barely miss the gnoll.
The gnoll is severely wounded.
The gnoll hits you.
* * * LOW HITPOINT WARNING * * *
The gnoll hits you.
* * * LOW HITPOINT WARNING * * *
You hit the gnoll.
The gnoll is almost dead.
The gnoll hits you.
You die...

## ### ############## .###
##.####............## ...#
##.#....###.######...####
.#.#####.###...# #.............#
.#.<......#....###.######...##.#
.#########.####>W.## ##.###.# .#
#.# ##g## #.# #.# .# #.# #@# #.#
#.# .# #.# ##.## #.###.# .# #.#
##...## #.##..# .#########.#
#.....## #.##.## ......(....#
#......# #.##.# ##########.#
#......# #.##.# #.# ##...#.#
#.##.# #.# #####.# #.##.# ######
#.# #.# #.##.#


You could see a phantom and a gnoll.

Vanquished Creatures
  An orc priest (D:2)
  Natasha (twice) (D:3)
  8 gnolls
  3 adders
  2 worms (D:2)
  2 dart slugs
  5 leopard geckos
  2 orcs (D:3)
  8 bats
  6 giant cockroaches
  8 goblins
  10 hobgoblins
  4 kobolds (D:1)
  4 frilled lizards
  3 rats
68 creatures vanquished.

Notes
Turn   | Place    | Note
-------+----------+-------------------------------------------
     0 | D:1      | Borgoz the Gargoyle Fighter began the quest for the Orb.
     0 | D:1      | Reached XP level 1. HP: 14/14 MP: 1/1
    50 | D:1      | Reached XP level 2. HP: 12/19 MP: 2/2
   324 | D:1      | Reached XP level 3. HP: 21/23 MP: 3/3
   963 | D:2      | You fall into a shaft and drop 1 floor!
  1311 | D:1      | Reached skill level 1 in Dodging
  1311 | D:1      | Reached XP level 4. HP: 20/29 MP: 4/4
  1959 | D:2      | Reached XP level 5. HP: 33/33 MP: 5/5
  2082 | D:2      | Found a shimmering blue altar of Sif Muna.
  2692 | D:3      | Noticed Natasha
  2698 | D:3      | Killed Natasha
  2891 | D:3      | Noticed Natasha
  2896 | D:3      | Killed Natasha
  3075 | D:3      | Reached XP level 6. HP: 39/39 MP: 6/6
  3076 | D:3      | Found an iron altar of Okawaru.
  3225 | D:4      | Noticed a phantom
  3268 | D:3      | Slain by a gnoll

Levels and vault maps discovered:
D:1:      lemuel_arrival_cross, layout_basic, minmay_misc_feat_x, moated_statue
D:2:      minmay_door_path, layout_basic, lemuel_blue_sif_altar
D:3:      layout_loops_ring, kennysheep_okawaru_gauntlet, uniq_natasha
D:4:      layout_cave_pools, gammafunk_ghost_arena

Skill      XL: |  1  2  3  4  5 |
---------------+----------------+-----
Maces & Flails | 3 4 |  4.2
Dodging        | 1 |  1.8
Armour         | 4 |  4.4
Fighting       | 4 |  4.4
Shields        | |  3.2

Action                   |  1- 3 |  4- 6 || total
-------------------------+-------+-------++-------
Melee: Flail             |   135 |   147 ||   282
  Use: Potion            |       |     1 ||     1
  Eat: Chunk             |     1 |     7 ||     8
Armor: Scale mail        |    89 |    78 ||   167
Dodge: Dodged            |   107 |   108 ||   215

Table legend:
 A = Non-vault XP
 B = Vault XP
 C = Vault XP percentage of total XP
 D = Non-vault monster count
 E = Vault monster count
 F = Vault count percentage of total count
                 A         B        C        D         E       F
            +---------+---------+-------+---------+---------+-------
      Total |     339 |      39 |  10.3 |      66 |       2 |   2.9
            +---------+---------+-------+---------+---------+-------
        D:1 |      90 |       0 |   0.0 |      29 |       0 |   0.0
        D:2 |     107 |       3 |   2.7 |      13 |       1 |   7.1
        D:3 |     139 |      36 |  20.6 |      23 |       1 |   4.2
        D:4 |       3 |       0 |   0.0 |       1 |       0 |   0.0
            +---------+---------+-------+---------+---------+-------
